 Dungeon Crawl Stone Soup version 0.29-a0-284-gf9362112df (webtiles) character file.

Game seed: 3719114234505851097

51 gzilladon the Chopper (level 3, -5/33 HPs)
             Began as a Hill Orc Monk on Mar 30, 2022.
             Slain by a black bear (6 damage)
             ... on level 3 of the Dungeon.
             The game lasted 00:05:21 (1706 turns).

gzilladon the Chopper (Hill Orc Monk)               Turns: 1706, Time: 00:05:22

Health: -5/33      AC:  6    Str: 15    XL:     3   Next: 83%
Magic:  3/3        EV: 11    Int: 10    God:
Gold:   68         SH:  3    Dex: 13    Spells: 2/2 levels left

rFire   . . .      SeeInvis .   a - +0 hand axe
rCold   . . .      Faith    .   e - +0 buckler
rNeg    . . .      Spirit   .   w - +0 ring mail
rPois   .          Reflect  .   n - +0 helmet
rElec   .          Harm     .   (no cloak)
rCorr   .          Rampage  .   (no gloves)
Will    .....                   (no boots)
Stlth   +.........              (no amulet)
HPRegen 0.11/turn               (no ring)
MPRegen 0.08/turn               (no ring)

@: no status effects
A: no striking features
a: no special abilities


You were on level 3 of the Dungeon.
You visited 1 branch of the dungeon, and saw 3 of its levels.

You collected 68 gold pieces.

Inventory:

Hand Weapons
 a - a +0 hand axe (weapon)
Missiles
 h - 10 poisoned darts (quivered)
 j - 3 silver javelins
Armour
 b - a +0 robe
 e - a +0 buckler (worn)
 n - a +0 helmet (worn)
 q - a +0 leather armour
 w - a +0 ring mail (worn)
Magical Staves
 t - a staff of death
Scrolls
 d - 3 scrolls of teleportation {unknown}
 f - 2 scrolls of magic mapping {unknown}
 i - a scroll of summoning {unknown}
 m - 2 scrolls of vulnerability {unknown}
 p - a scroll of enchant armour {unknown}
 r - a scroll of torment {unknown}
 s - a scroll of immolation {unknown}
 v - a scroll of identify {unknown}
Potions
 c - a potion of ambrosia
 g - a potion of haste {unknown}
 k - a potion of curing {unknown}
 l - a potion of mutation {unknown}
 o - a potion of heal wounds {unknown}
 u - a potion of brilliance {unknown}


   Skills:
 + Level 4.1 Fighting
 * Level 5.1 Axes
 + Level 0.4 Armour
 + Level 2.8 Dodging
 - Level 1.6 Stealth
 + Level 0.1 Shields


You had 2 spell levels left.
You didn't know any spells.
Your spell library contained the following spells:

 Spells                   Type           Power      Damage    Failure   Level
 Shock                    Conj/Air       0%         1d3       71%         1
 Swiftness                Air            0%         N/A       97%         3
 Airstrike                Air            0%         N/A       100%        4


Dungeon Overview and Level Annotations

Branches:
Dungeon (3/15)

Altars:


Message History

The black bear claws you. The black bear barely misses you.
You block the goblin's attack. The bat closely misses you.
The jackal closely misses you.
The jackal bites you but does no damage.
You barely miss the black bear.
The black bear is lightly wounded.
You hit the jackal.
You kill the jackal!
You hit the jackal.
You kill the jackal!
You hit the goblin.
You kill the goblin!
You hit the bat. The bat barely misses you. The black bear bites you.
The black bear claws you but does no damage.
The black bear barely misses you.
You hit the black bear.
The black bear is lightly wounded.
You closely miss the ball python. The ball python completely misses you.
You block the ball python's attack. The black bear bites you.
The black bear claws you but does no damage. x2
You block the bat's attack. The ball python bites you.
The ball python grabs you. The ball python constricts you.
You barely miss the black bear.
The black bear is lightly wounded.
You completely miss the bat. You barely miss the ball python. The bat hits you.
The bat hits you but does no damage. The black bear completely misses you.
The black bear claws you. x2
* * * LOW HITPOINT WARNING * * *
The ball python barely misses you. The ball python constricts you.
The bat hits you but does no damage. The black bear bites you.
* * * LOW HITPOINT WARNING * * *
You block the black bear's attack. The black bear claws you.
* * * LOW HITPOINT WARNING * * *
You hit the black bear.
The black bear is moderately wounded.
You barely miss the bat. You hit the ball python.
You kill the ball python!
The bat closely misses you. The bat barely misses you.
The bat closely misses you. The black bear bites you.
You die...

#### ## #.. ..
#.####### .###
#.......##.....
#..####........
#..##..<†..####
#..##.#########
##).##.........
##@†.##.......#
#bh...#.......#
#.............#
#..........).$##.#
##..........?....#
###.#.............
#.#..##.#####.##
#.>......$ #
#..........


You could see a black bear and a bat.

Vanquished Creatures
  2 adders (D:2)
  A dart slug (D:1)
  2 ball pythons (D:3)
  3 endoplasms
  2 giant cockroaches
  3 goblins
  4 hobgoblins
  4 jackals (D:3)
  A quokka (D:1)
  A bat (D:2)
  3 frilled lizards
  2 kobolds
  2 rats
30 creatures vanquished.

Notes
Turn   | Place    | Note
-------+----------+-------------------------------------------
     0 | D:1      | gzilladon the Hill Orc Monk began the quest for the Orb.
     0 | D:1      | Reached XP level 1. HP: 19/19 MP: 1/1
    70 | D:1      | Reached XP level 2. HP: 5/27 MP: 2/2
   435 | D:1      | Found a faded altar of an unknown god.
   516 | D:1      | You fall into a shaft and drop 1 floor!
  1127 | D:2      | Reached XP level 3. HP: 31/33 MP: 3/3
  1652 | D:3      | Reached skill level 5 in Axes
  1679 | D:3      | Noticed a black bear
  1705 | D:3      | HP: 1/33 [black bear (2)]
  1706 | D:3      | Slain by a black bear

Illustrated notes

Levels and vault maps discovered:
D:1:      evilmike_arrival_crescent, layout_basic,
          ebering_ecumenical_altar_rust, corexii_leaking_fountain
D:2:      layout_basic, kennysheep_jessica_study
D:3:      layout_loops_ring, uniq_crazy_yiuf_cottage

Skill      XL: |  1  2  3 |
---------------+----------+-----
Fighting       | 4 |  4.1
Axes           | 5 |  5.1
Armour         | |  0.4
Dodging        | |  2.8
Stealth        | |  1.6
Shields        | |  0.1

Action                   || total
-------------------------++-------
Melee: Hand axe          ||   101
 Stab: Sleeping          ||     1
Armor: Robe              ||     6
       Leather armour    ||    18
       Ring mail         ||    26
Dodge: Dodged            ||   116
Block: Buckler           ||    26

Table legend: (Time is in decaauts)
 A = Elapsed time spent in this place.
 B = Non-inter-level travel time spent in this place.
 C = Inter-level travel time spent in this place.
 D = Time resting spent in this place.
 E = Time spent auto-exploring this place.
 F = Levels seen in this place.
 G = Mean time per level.
                   A        B        C        D        E       F      G
               +--------+--------+--------+--------+--------+-----+--------+
         Total |   1717 |   1696 |     21 |    504 |      0 |   3 |  572.3 |
       Dungeon |   1717 |   1696 |     21 |    504 |      0 |   3 |  572.3 |
               +--------+--------+--------+--------+--------+-----+--------+

Top non-repeatable levels by time:
     D:2: 1139 daAuts
     D:1: 520 daAuts
     D:3: 57 daAuts
